 Dungeon Crawl Stone Soup version 0.30-a0-862-g1aabd4f9c5 (webtiles) character file.

Game seed: 17529570741064133644

232309 Anamonty the Warrior (level 19, -1/163 HPs)
             Began as an Octopode Venom Mage on Mar 9, 2023.
             Was a High Priest of Qazlal.
             Slain by an ettin
             ... wielding a +2 heavy dire flail
              (38 damage)
             ... while paralysed by a vampire knight
             ... on level 1 of the Depths.
             The game lasted 01:22:21 (27823 turns).

Anamonty the Warrior (Octopode Venom Mage)         Turns: 27823, Time: 01:22:21

Health: -1/163     AC: 35    Str: 20    XL:     19   Next: 8%
Magic:  15/44      EV:  2    Int: 18    God:    Qazlal [*****.]
Gold:   653        SH:  0    Dex: 15    Spells: 9/43 levels left

rFire   + . .      SeeInvis +    I - +5 dagger (venom)
rCold   + + .      Faith    .    (no shield)
rNeg    + + .      Spirit   .    (helmet restricted)
rPois   ∞          Reflect  .    r - amulet of Vitality {RegenMP++ Regen++}
rElec   +          Rampage  .    h - +4 ring of protection
rCorr   .                        P - ring of Vajuonix {*Corrode rF+ rC+ rN+ Dex+4}
Will    ++...                    w - ring of poison resistance
Stlth   +                        t - ring of Ikebebb {Wiz rC+ SInv}
HPRegen 2.07/turn                L - ring of willpower
MPRegen 1.09/turn                W - ring of magical power
                                 Y - +4 ring of protection
                                 Z - +6 ring of strength

@: paralysed, statue-form, protected from physical damage, contaminated,
glowing, studying Ice Magic, repel missiles
A: slow and powerful, torment resistance 1, boosted hp, almost no armour,
amphibious, 8 rings, camouflage 1, (gelatinous body 1), (nimble swimmer 1),
tentacles, clumsy 1, frail 1
}: 2/15 runes: decaying, serpentine
a: End Transformation, Renounce Religion, Upheaval, Elemental Force, Disaster
Area


You were on level 1 of the Depths.
You worshipped Qazlal.
Qazlal was extremely pleased with you.
You were a living statue of rough stone.
You visited 7 branches of the dungeon, and saw 32 of its levels.
You visited the Abyss 1 time.

You collected 2910 gold pieces.
You spent 2257 gold pieces at shops.

Inventory:

Hand Weapons
 I - a +5 dagger of venom (weapon)
Jewellery
 h - a +4 ring of protection (left tentacle)
 i - a +6 ring of dexterity
 r - the amulet of Vitality (around mantle) {RegenMP++ Regen++}
   (You found it on level 4 of the Dungeon)

   [amulet of magic regeneration]

   It increases your rate of magic regeneration.
   Regen:     It increases your rate of health regeneration.
 t - the ring of Ikebebb (on tentacle) {Wiz rC+ SInv}
   (You acquired it on level 4 of the Lair of Beasts)

   [ring of wizardry]

   It improves your spell success rate.
   rC:        It protects you from cold.
   SInv:      It lets you see invisible.
 w - a ring of poison resistance (on tentacle)
 L - a ring of willpower (on tentacle)
 P - the ring of Vajuonix (right tentacle) {*Corrode rF+ rC+ rN+ Dex+4}
   (You bought it in a shop on level 4 of the Snake Pit)

   [ring of protection from cold]

   Dex:       It affects your dexterity (+4).
   rF:        It protects you from fire.
   rC:        It protects you from cold.
   rN:        It protects you from negative energy.
   *Corrode:  It may corrode you when you take damage.
 W - a ring of magical power (on tentacle)
 Y - a +4 ring of protection (on tentacle)
 Z - a +6 ring of strength (on tentacle)
Wands
 A - a wand of roots (10)
 F - a wand of paralysis (31)
 G - a wand of quicksilver (16)
 H - a wand of polymorph (17)
 S - a wand of digging (10)
 X - a wand of mindburst (13)
Scrolls
 c - a scroll of butterflies
 e - 5 scrolls of enchant weapon
 j - 6 scrolls of fear
 m - 11 scrolls of teleportation
 o - 4 scrolls of magic mapping
 p - 3 scrolls of brand weapon
 s - 6 scrolls of noise
 B - 4 scrolls of amnesia
 C - 3 scrolls of torment
 D - 4 scrolls of vulnerability
 E - 6 scrolls of poison
 M - 2 scrolls of enchant armour
 N - 4 scrolls of immolation
 O - 3 scrolls of identify
 Q - 2 scrolls of silence
 R - 3 scrolls of fog
Potions
 a - 2 potions of magic
 b - a potion of resistance {unknown}
 d - 7 potions of attraction
 f - 18 potions of curing
 g - 7 potions of might
 k - 7 potions of mutation
 l - 5 potions of ambrosia
 n - 5 potions of flight
 q - 3 potions of invisibility
 u - 3 potions of brilliance {unknown}
 x - 4 potions of haste
 z - 3 potions of cancellation {unknown}
 J - 9 potions of heal wounds
 K - 2 potions of berserk rage {unknown}
 T - 4 potions of lignification {unknown}
Miscellaneous
 v - a tin of tremorstones (2/2)
 y - a lightning rod (4/4)
 U - a box of beasts
 V - a condenser vane


   Skills:
 * Level 16.0 Fighting
 + Level 14.0 Dodging
 - Level 4.0 Stealth
 + Level 13.2 Unarmed Combat
 + Level 12.8 Spellcasting
 - Level 4.0 Conjurations
 + Level 1.3 Translocations
 + Level 13.2 Transmutations
 * Level 2.1 Earth Magic
 - Level 8.0 Poison Magic
 + Level 11.9 Invocations
 + Level 8.3 Evocations


You had 9 spell levels left.
You knew the following spells:

 Your Spells              Type           Power      Damage    Failure   Level
a - Sting                 Tmut/Pois      100%       1d8       1%          1
b - Ice Form              Ice/Tmut       35%        N/A       1%          4
c - Olgreb's Toxic Radia  Pois           40%        N/A       1%          4
d - Ignite Poison         Fire/Tmut/Pois 37%        N/A       1%          3
e - Mephitic Cloud        Conj/Pois/Air  25%        N/A       1%          3
f - Irradiate             Conj/Tmut      21%        3d18      1%          5
g - Eringya's Noxious Bo  Tmut/Pois      24%        N/A       4%          6
h - Statue Form           Tmut/Erth      26%        N/A       16%         6
i - Momentum Strike       Conj/Tloc      42%        3d9       1%          2

Your spell library contained the following spells:

 Spells                   Type           Power      Damage    Failure   Level
 Apportation              Tloc           32%        N/A       1%          1
 Sandblast                Erth           38%        2d10      1%          1
 Passwall                 Tmut/Erth      32%        N/A       1%          2
 Poisonous Vapours        Pois/Air       50%        N/A       1%          2
 Stone Arrow              Conj/Erth      44%        3d9       1%          3
 Petrify                  Tmut/Erth      39%        N/A       1%          4
 Alistair's Intoxication  Tmut/Pois      32%        N/A       1%          5
 Freeze                   Ice            44%        1d6       2%          1
 Necrotise                Necr           44%        1d6       2%          1
 Slow                     Hex            44%        N/A       2%          1
 Summon Small Mammal      Summ           44%        N/A       2%          1
 Blink                    Tloc           32%        N/A       2%          2
 Lesser Beckoning         Tloc           32%        N/A       2%          2
 Sublimation of Blood     Necr           11%        N/A       3%          2
 Dazzling Flash           Conj/Hex       36%        N/A       3%          3
 Hailstorm                Conj/Ice       18%        3d6       3%          3
 Portal Projectile        Hex/Tloc       26%        N/A       6%          3
 Call Canine Familiar     Summ           11%        N/A       8%          3
 Confusing Touch          Hex            11%        N/A       8%          3
 Frozen Ramparts          Ice            22%        1d4       8%          3
 Inner Flame              Hex/Fire       11%        N/A       8%          3
 Swiftness                Air            11%        N/A       8%          3
 Vampiric Draining        Necr           11%        2d6       8%          3
 Flame Wave               Conj/Fire      18%        2d7       11%         4
 Sticky Flame             Conj/Fire      18%        2d4       11%         4
 Iskenderun's Battlesphe  Conj           26%        2d8       13%         5
 Leda's Liquefaction      Hex/Erth       7%         N/A       16%         4
 Summon Ice Beast         Ice/Summ       11%        N/A       24%         4
 Fireball                 Conj/Fire      9%         3d6       28%         5
 Lightning Bolt           Conj/Air       9%         1d21      28%         5
 Borgnjor's Vile Clutch   Necr/Erth      7%         N/A       38%         5
 Agony                    Necr           11%        N/A       52%         5
 Silence                  Hex/Air        5%         N/A       52%         5
 Conjure Ball Lightning   Conj/Air       9%         3x3d6     82%         6
 Starburst                Conj/Fire      9%         6d5       82%         6
 Orb of Destruction       Conj           13%        9d7       98%         7
 Ozocubu's Refrigeration  Ice            5%         4d8       100%        7
 Ignition                 Fire           5%         3d4       100%        8
 Fire Storm               Conj/Fire      9%         8d2       100%        9


Dungeon Overview and Level Annotations

Branches:
Dungeon (15/15)            Temple (1/1) D:6            Lair (5/5) D:8
  Swamp (4/4) Lair:2        Snake (4/4) Lair:2        Slime (0/5) Lair:4
    Orc (2/2) D:12            Elf (0/3) Orc:2        Vaults (0/5) D:13
 Depths (1/4) D:15

Altars:
Ashenzari
Cheibriados
Elyvilon
Gozag
Hepliaklqana
Kikubaaqudgha
Makhleb
Qazlal
Ru
Trog
Wu Jian
Zin
The Shining One

Shops:
D:6 *   D:14 [   Orc:1 :   Orc:2 (=*   Snake:4 =::

Portals:
Trove: D:11 (give 14 potions of heal wounds)

Annotations:
D:12 3 runed translucent doors, 112233's ghost, journeyman NaVM
D:13 3 runed translucent doors, Ulid's ghost, journeyman DsFE


Innate Abilities, Weirdness & Mutations

You are a living statue of rough stone.
Your actions are slow, but your melee attacks are powerful.
You are resistant to unholy torment.
Your maximum health is greatly increased.
You are immune to poison.
You cannot wear most types of armour.
You are amphibious.
You can wear up to eight rings at the same time.
Your skin changes colour to match your surroundings (Stealth+).
((Your rubbery body absorbs attacks. (AC +1, EV +1)))
((You are camouflaged when in or above water. (Stealth+)))
You have tentacles for arms and can constrict up to eight enemies at once.
You are clumsy. (Dex -2)
You are frail. (-10% HP)


Message History

The brown very ugly thing looks as sick as possible!
You kill the brown very ugly thing!
Qazlal accepts your kill.
You puncture the stone giant!
You kill the stone giant!
Qazlal accepts your kill.
Your noxious spew wanes.
The vampire knight casts a spell at you.
You suddenly lose the ability to move!
The deep troll bites you but does no damage.
The deep troll claws you but does no damage. x2
The ettin is struck by lightning.
A red very ugly thing comes into view.
The cyan very ugly thing basks in the mutagenic energy from its kin and changes!
The vampire knight hits you with a +1 great mace of protection.
You feel more protected from physical attacks.
The vampire knight bites you.
The sentinel's mark upon you fades away.
The deep troll bites you!
You feel more protected from physical attacks.
The deep troll claws you.
The deep troll claws you but does no damage.
The phantasmal warrior barely misses you.
The red very ugly thing basks in the mutagenic energy from its kin and changes!
The vampire knight hits you with a +1 great mace of protection!
The vampire knight bites you but does no damage.
The iron troll bites you but does no damage.
The iron troll claws you but does no damage.
The iron troll claws you.
The vampire knight hits you with a +1 great mace of protection!
You feel more protected from physical attacks.
The vampire knight bites you but does no damage.
The deep troll bites you but does no damage.
The deep troll claws you but does no damage.
The deep troll claws you!
* * * LOW HITPOINT WARNING * * *
The phantasmal warrior hits you.
* * * LOW HITPOINT WARNING * * *
The ettin hits you with a +2 heavy dire flail!!!
You die...

#........... .###...##
#...........
..#..~..#+#....)§.....
uu.~~≈...'.§.........
#..~..#.#...........
###...##.#....(......
.###..#D##..####'######
...'..[T§VW.☼'........#
......).EC8T○###.####.#
...#..<..T.°.# #.#
#.##### ....##'#######
#.####.....# .#.
...#### #...........
........# ######..##..
....#####.# ##.#####
.### #.# ##..# #.#
##.#.#
#######.########.##.#


You could see 2 very ugly things, a fire dragon, 2 iron trolls, a vampire knight
(fast, invisible), an ettin, a deep troll (misshapen), a phantasmal warrior and
a water elemental.

Vanquished Creatures
  A shard shrike zombie (Abyss:2)
  A tentacled starspawn (Abyss:2)
  Kirke (Snake:3)
  8 nagarajas
  An azure jelly (Swamp:4)
  3 spectral caustic shrikes (Depths:1)
  2 orc warlords (Orc:2)
  Aizul (Swamp:2)
  2 stone giants (Depths:1)
  3 very ugly things
  6 eleionomae
  2 bunyips
  Josephine (D:10)
  A merfolk javelineer (Depths:1)
  A quicksilver dragon zombie (D:15)
  3 shambling mangroves
  A vault guard (D:13)
  3 salamander tyrants (Snake:4)
  2 ice dragons (Swamp:4)
  4 ghost crabs
  11 hydras
  9 anacondas
  3 centaur warriors
  7 tengu warriors
  A death knight (D:13)
  4 boulder beetles
  4 two-headed ogres
  3 alligators
  18 naga warriors
  2 death yaks
  3 deep troll earth magi (Depths:1)
  4 orc high priests (Orc:2)
  A deep troll shaman (Depths:1)
  14 naga sharpshooters
  2 thrashing horrors (Abyss:2)
  A spriggan berserker (Swamp:3)
  6 shock serpents
  A skyshark (Lair:3)
  12 skeletal warriors
  Amaemon (D:10)
  A shadow wraith (Abyss:2)
  2 goliath frogs
  An iron troll (Depths:1)
  A sixfirhy (Abyss:2)
  A death drake (Swamp:4)
  A fire crab (Lair:5)
  A spark wasp zombie (D:15)
  9 salamander mystics
  5 spriggan druids
  A swamp dragon (Swamp:3)
  3 deep trolls (Depths:1)
  8 naga ritualists
  3 bog bodies
  2 flayed ghosts
  A tengu zombie (D:15)
  4 orc knights
  2 lindwurms (Lair:1)
  A wizard (D:14)
  A necromancer (D:15)
  A phantasmal warrior (Depths:1)
  5 cyclopes
  Pikel (D:7)
  2 manticores (D:13)
  4 deep elf pyromancers
  6 mana vipers
  A fire giant zombie (D:15)
  7 orc sorcerers
  2 large abominations (Abyss:2)
  A worldbinder (Abyss:2)
  17 salamanders
  2 ugly things (D:13)
  6 guardian serpents
  33 black mambas
  9 elephants
  An orange demon (D:10)
  A rust devil (Abyss:2)
  A gargoyle (D:12)
  10 cane toads
  19 naga magi
  A torpor snail (Lair:3)
  An unseen horror (D:10)
  7 rime drakes
  Maggie (D:10)
  6 komodo dragons
  4 kobold demonologists
  A yaktaur (D:15)
  4 freezing wraiths (Swamp:4)
  A tengu conjurer (Swamp:1)
  A guardian mummy (D:15)
  A meliai (D:13)
  A hellwing (Abyss:2)
  10 trolls
  2 ancient zymes (Abyss:2)
  8 tyrant leeches
  6 polar bears
  Prince Ribbit (D:8)
  2 dream sheep (Lair:5)
  14 hornets
  12 blink frogs
  A raiju (Abyss:2)
  11 slime creatures
  A culicivora (shapeshifter) (D:14)
  21 spriggans
  2 shadows (Abyss:2)
  4 wyverns
  3 basilisks
  24 yaks
  A human (Snake:3)
  8 wraiths
  A wyvern (shapeshifter) (D:15)
  2 hogs (Snake:3)
  6 small abominations (Abyss:2)
  4 swamp worm simulacra (Swamp:4)
  11 vampire mosquitoes
  A neqoxec (Abyss:2)
  A steam dragon (Lair:2)
  2 chaos spawn (Abyss:2)
  2 wargs
  15 swamp worms
  An acid dragon (D:14)
  51 nagas
  14 hydra simulacra (Swamp:4)
  12 water moccasins
  Duvessa (D:7)
  An ice beast (D:8)
  7 black bears
  44 orc warriors
  2 swamp drakes
  4 ogres
  3 boggarts (Lair:5)
  11 centaurs
  29 wolves
  6 kobold brigands
  3 lemures (D:7)
  A phantom (D:7)
  13 bullfrogs
  2 gnoll sergeants
  An earth elemental (Abyss:2)
  A scorpion (D:5)
  9 wights
  Dowan (D:7)
  9 killer bees
  9 howler monkeys
  11 electric eels
  5 hounds
  2 gnoll boudas
  2 jellies
  A sleepcap (D:6)
  30 orc priests
  Crazy Yiuf (D:7)
  3 iguanas
  37 orc wizards
  5 adders
  22 gnolls
  A shadow imp (D:8)
  2 white imps
  An ufetubus (Abyss:2)
  4 swamp drake simulacra (Swamp:4)
  A worm (D:3)
  5 dart slugs
  100 orcs
  3 ball pythons
  6 endoplasms
  3 giant cockroaches
  6 goblins
  7 hobgoblins
  4 jackals
  4 quokkas
  4 bats
  3 frilled lizards
  22 kobolds
  6 rats
1072 creatures vanquished.

Vanquished Creatures (collateral kills)
  A spectral caustic shrike (Depths:1)
  2 skeletal warriors (D:12)
  A naga (Snake:4)
4 creatures vanquished.

Vanquished Creatures (others)
  2 bunyips
  An ice dragon (Swamp:4)
  An alligator (Swamp:3)
  A naga ritualist (Snake:4)
  2 bloated husks
  A spriggan (Swamp:3)
  14 fungi
  82 plants
  4 starspawn tentacles (Abyss:2)
  13 toadstools (Lair:1)
  8 withered plants (D:15)
129 creatures vanquished.

Grand Total: 1205 creatures vanquished

Notes
Turn   | Place    | Note
-------+----------+-------------------------------------------
     0 | D:1      | Anamonty the Octopode Venom Mage began the quest for the
                  | Orb.
     0 | D:1      | Reached XP level 1. HP: 11/11 MP: 3/3
   295 | D:1      | Reached XP level 2. HP: 13/17 MP: 3/5
   901 | D:2      | Reached XP level 3. HP: 21/21 MP: 4/6
  1065 | D:2      | Found a faded altar of an unknown god.
  1155 | D:2      | Reached XP level 4. HP: 27/27 MP: 4/7
  1164 | D:2      | Learned a level 2 spell: Poisonous Vapours
  1216 | D:2      | Learned a level 4 spell: Olgreb's Toxic Radiance
  1926 | D:2      | Reached skill level 5 in Poison Magic
  2071 | D:3      | Reached XP level 5. HP: 31/31 MP: 4/9
  2787 | D:3      | Reached XP level 6. HP: 36/36 MP: 5/10
  3139 | D:4      | Found the amulet of Vitality {RegenMP++ Regen++}
  3566 | D:5      | Entered Level 5 of the Dungeon
  3658 | D:5      | Reached XP level 7. HP: 41/41 MP: 8/12
  3675 | D:5      | Got the Incunabulum of Charred Vitiation
  3786 | D:5      | Learned a level 3 spell: Ignite Poison
  3905 | D:5      | Learned a level 3 spell: Mephitic Cloud
  4120 | D:6      | Found Irraoxt's Assorted Antiques.
  4135 | D:6      | Bought a scroll of identify for 62 gold pieces
  4135 | D:6      | Bought a scroll labelled WEFOEXKOWO for 31 gold pieces
  4278 | D:6      | Reached XP level 8. HP: 47/47 MP: 5/14
  4624 | D:6      | Reached skill level 1 in Fighting
  4709 | D:6      | Found a staircase to the Ecumenical Temple.
  4712 | D:6      | Reached skill level 1 in Unarmed Combat
  4724 | Temple   | Entered the Ecumenical Temple
  4731 | Temple   | Became a worshipper of Qazlal Stormbringer
  4915 | D:7      | Reached skill level 5 in Dodging
  4972 | D:7      | Noticed Pikel
  4976 | D:7      | Killed Pikel
  4977 | D:7      | Reached skill level 2 in Fighting
  4977 | D:7      | Reached skill level 5 in Spellcasting
  4979 | D:7      | Reached XP level 9. HP: 55/55 MP: 9/16
  5071 | D:7      | Reached skill level 3 in Fighting
  5218 | D:7      | Found a glowing silver altar of Zin.
  5511 | D:7      | Noticed Dowan
  5511 | D:7      | Noticed Duvessa
  5513 | D:7      | Killed Dowan
  5514 | D:7      | Killed Duvessa
  5592 | D:7      | Found a runed translucent door.
  5593 | D:7      | Noticed Crazy Yiuf
  5943 | D:8      | Noticed a troll
  6122 | D:8      | Killed a troll
  6122 | D:8      | Reached * piety under Qazlal
  6123 | D:8      | Reached skill level 4 in Fighting
  6125 | D:8      | Noticed Prince Ribbit
  6288 | D:8      | Killed Prince Ribbit
  6297 | D:8      | Reached XP level 10. HP: 65/65 MP: 8/19
  6415 | D:7      | Killed Crazy Yiuf
  6503 | D:8      | Found a staircase to the Lair.
  6623 | D:8      | Reached skill level 5 in Transmutations
  6704 | D:8      | Reached skill level 5 in Fighting
  6797 | D:8      | Reached skill level 5 in Unarmed Combat
  6911 | D:8      | Reached ** piety under Qazlal
  7471 | D:9      | Noticed a manticore
  7472 | D:9      | Noticed a five-headed hydra
  7472 | D:9      | Noticed a deep elf pyromancer
  7485 | D:9      | Noticed a death knight
  7503 | D:9      | Noticed a boulder beetle
  7503 | D:9      | Noticed a kobold demonologist
  7520 | D:9      | Noticed a manticore
  7774 | D:9      | Noticed a skeletal warrior
  7777 | D:10     | Entered Level 10 of the Dungeon
  7786 | D:10     | Noticed a kobold demonologist
  7790 | D:10     | Killed a kobold demonologist
  7803 | D:10     | Killed an unseen horror
  7803 | D:10     | Reached *** piety under Qazlal
  7804 | D:10     | Reached skill level 6 in Fighting
  7870 | D:10     | Reached XP level 11. HP: 72/72 MP: 15/21
  8218 | D:10     | Noticed Maggie
  8235 | D:10     | Killed Maggie
  8359 | D:10     | Noticed Amaemon
  8371 | D:10     | Killed Amaemon
  8398 | D:10     | Noticed Josephine
  8404 | D:10     | Killed Josephine
  8469 | D:11     | Reached skill level 7 in Fighting
  8474 | D:11     | Noticed a boulder beetle
  8479 | D:11     | Killed a boulder beetle
  8580 | D:10     | Noticed a boulder beetle
  8587 | D:10     | Killed a boulder beetle
  8942 | D:11     | Reached **** piety under Qazlal
  9117 | D:11     | Noticed a skeletal warrior
  9162 | D:11     | Killed a skeletal warrior
  9163 | D:11     | Reached XP level 12. HP: 43/81 MP: 24/24
  9276 | Lair:1   | Entered Level 1 of the Lair of Beasts
  9282 | Lair:1   | Reached skill level 1 in Invocations
  9381 | Lair:1   | Noticed a death yak
  9403 | Lair:1   | Reached skill level 8 in Fighting
  9410 | Lair:1   | Killed a death yak
  9652 | Lair:1   | Found a runed translucent door.
 10091 | Lair:1   | Got Intu's Quarto of Weather
 10243 | Lair:2   | Learned a level 4 spell: Ice Form
 10393 | Lair:2   | Found a staircase to the Swamp.
 10688 | Lair:2   | Found a staircase to the Snake Pit.
 10994 | Lair:3   | Noticed a skyshark
 11004 | Lair:3   | Reached skill level 1 in Conjurations
 11005 | Lair:3   | Killed a skyshark
 11006 | Lair:3   | Reached XP level 13. HP: 70/89 MP: 12/26
 11047 | Lair:3   | Reached ***** piety under Qazlal
 11049 | Lair:3   | Reached skill level 10 in Dodging
 11710 | Lair:3   | Reached skill level 9 in Fighting
 11710 | Lair:3   | Reached skill level 5 in Invocations
 12167 | Lair:4   | Found a staircase to the Slime Pits.
 12599 | Lair:5   | Entered Level 5 of the Lair of Beasts
 12770 | Lair:4   | Identified a scroll of acquirement
 12779 | Lair:4   | Learned a level 5 spell: Irradiate
 12779 | Lair:4   | Acquired the ring of Ikebebb {Wiz rC+ SInv}
 13039 | Lair:5   | Reached XP level 14. HP: 86/98 MP: 18/27
 13203 | Lair:5   | Reached skill level 10 in Fighting
 13369 | Lair:5   | Learned a level 6 spell: Eringya's Noxious Bog
 13496 | Lair:5   | Reached skill level 10 in Spellcasting
 13949 | D:11     | Found a portal to a secret trove of treasure.
 14032 | D:11     | Reached skill level 10 in Transmutations
 14396 | D:12     | Reached ****** piety under Qazlal
 14486 | D:12     | Found a runed translucent gate.
 14486 | D:12     | Found a runed translucent gate.
 14488 | D:12     | Noticed 112233's ghost (journeyman NaVM)
 14519 | D:12     | Reached skill level 10 in Unarmed Combat
 14623 | D:12     | Found a staircase to the Orcish Mines.
 15011 | D:12     | Found a runed translucent gate.
 15390 | D:12     | Got the Lectures on the Curse and Fever
 15635 | D:13     | Found a runed translucent gate.
 15637 | D:13     | Found a runed translucent gate.
 15638 | D:13     | Found a runed translucent gate.
 15757 | D:13     | Reached skill level 11 in Fighting
 15793 | D:13     | Noticed Ulid's ghost (journeyman DsFE)
 16068 | D:13     | Found a gate to the Vaults.
 16639 | Abyss:2  | Found a corrupted altar of Lugonu.
 16639 | Abyss:2  | Cast into level 2 of the Abyss (a wizard)
 16654 | Abyss:2  | Found a corrupted altar of Lugonu.
 16655 | Abyss:2  | Gained mutation: You are clumsy. (Dex -2) [a neqoxec]
 16679 | Abyss:2  | Found a corrupted altar of Lugonu.
 16699 | Abyss:2  | Reached XP level 15. HP: 107/107 MP: 29/29
 16739 | Abyss:2  | Found a corrupted altar of Lugonu.
 17015 | Abyss:2  | Noticed a tentacled starspawn
 17028 | Abyss:2  | Killed a tentacled starspawn
 17129 | D:14     | Escaped the Abyss
 17131 | D:14     | HP: 6/129 [tengu warrior/+1 great mace of holy wrath (3)]
 17133 | D:14     | HP: 2/129 [tengu warrior/arrow (4)]
 17280 | D:14     | Reached skill level 12 in Fighting
 17343 | D:14     | Found Soiqecha's Armour Boutique.
 17861 | D:14     | Found a stormy altar of Qazlal.
 17969 | Orc:1    | Entered Level 1 of the Orcish Mines
 18071 | Orc:1    | Reached skill level 1 in Evocations
 18233 | Orc:1    | Found Lafej's Vocational Training.
 18369 | Orc:2    | Entered Level 2 of the Orcish Mines
 18376 | Orc:2    | Noticed an orc warlord
 18383 | Orc:2    | Killed an orc warlord
 18566 | Orc:2    | Noticed an orc warlord
 18575 | Orc:2    | Killed an orc warlord
 18717 | Orc:2    | Reached XP level 16. HP: 116/116 MP: 14/31
 18793 | Orc:2    | Found Hiskiune's Antique Armour Shop.
 18794 | Orc:2    | Found Rihionke's Antique Weapon Boutique.
 18796 | Orc:2    | Found Yroreatt's General Store.
 18796 | Orc:2    | Found Upsaipue's Jewellery Shop.
 18811 | Orc:2    | Bought a potion of heal wounds for 70 gold pieces
 18812 | Orc:2    | Bought a +4 ring of protection for 468 gold pieces
 18812 | Orc:2    | Bought a +6 ring of strength for 468 gold pieces
 18929 | Orc:2    | Found a staircase to the Elven Halls.
 19214 | D:15     | Entered Level 15 of the Dungeon
 19217 | D:15     | Found a staircase to the Depths.
 19640 | D:15     | Reached skill level 13 in Fighting
 20250 | Swamp:1  | Entered Level 1 of the Swamp
 21575 | Swamp:3  | Noticed Aizul
 21586 | Swamp:2  | Killed Aizul
 21587 | Swamp:2  | Reached skill level 10 in Invocations
 21683 | Swamp:3  | Reached skill level 5 in Evocations
 22094 | Swamp:4  | Entered Level 4 of the Swamp
 22108 | Swamp:4  | Reached XP level 17. HP: 124/124 MP: 32/32
 22194 | Swamp:4  | Identified the +3 long sword of the Wasteland {freeze,
                  | rElec rPois}
 22217 | Swamp:4  | Reached skill level 14 in Fighting
 22897 | Swamp:4  | Got a decaying rune of Zot
 23035 | Snake:1  | Entered Level 1 of the Snake Pit
 23868 | Snake:2  | Gained mutation: You are frail. (-10% HP) [mutagenic glow]
 24097 | Snake:2  | You fall into a shaft and drop 1 floor!
 24543 | Snake:3  | Reached skill level 15 in Fighting
 24611 | Snake:3  | Reached XP level 18. HP: 120/120 MP: 34/34
 24706 | Snake:3  | Noticed Kirke
 24714 | Snake:3  | Killed Kirke
 26022 | Snake:4  | Entered Level 4 of the Snake Pit
 27024 | Snake:4  | Got a serpentine rune of Zot
 27195 | Snake:4  | Found Zeischog's Book Emporium.
 27196 | Snake:4  | Found Ekarph's Jewellery Shop.
 27198 | Snake:4  | Found Jirrilecs's Book Emporium.
 27206 | Snake:4  | Bought the ring of Vajuonix {*Corrode rF+ rC+ rN+ Dex+4}
                  | for 690 gold pieces
 27218 | Snake:4  | Bought Ziwk's Atlas of Quicksand for 216 gold pieces
 27225 | Snake:4  | Learned a level 6 spell: Statue Form
 27229 | Snake:4  | Bought a book of Spatial Translocations for 252 gold pieces
 27232 | Snake:4  | Learned a level 2 spell: Momentum Strike
 27617 | Depths:1 | Entered Level 1 of the Depths
 27640 | Depths:1 | Reached skill level 1 in Earth Magic
 27769 | Depths:1 | Reached skill level 16 in Fighting
 27793 | Depths:1 | Reached skill level 1 in Translocations
 27796 | Depths:1 | Reached XP level 19. HP: 120/126 MP: 24/35
 27821 | Depths:1 | Paralysed by a vampire knight for 5 turns
 27823 | Depths:1 | Slain by an ettin

Illustrated notes

Levels and vault maps discovered:
D:1:      mrwooster_arrival_arrow, layout_basic
D:2:      layout_loops_ring, ebering_ecumenical_altar_box
D:3:      layout_rooms, serial_co_window_serial, co_window_corner_a,
          co_window_of_opportunity_a, co_window_paths_a, co_window_paths_b,
          co_window_corner_a, co_window_2corner, co_window_broadway_c,
          co_window_broadway_b, co_window_paths_d, glass_columns_b,
          glass_columns_c, glass_columns_b, glass_columns_a, minivault_14,
          guppyfry_early_orc_mine
D:4:      layout_rooms, chequers_serial_rivers_micro_b
D:5:      layout_basic
D:6:      layout_loops_ring, minmay_temple_entry_enclosed_plants, serial_shops,
          nicolae_stop_n_shop_2
D:7:      layout_loops_ring, marbit_many_paths, uniq_duvessa, uniq_pikel,
          uniq_crazy_yiuf_cottage
D:8:      layout_gridville, erik_lair_island, grunt_ministairs_14,
          chequers_big_river, uniq_prince_ribbit1
D:9:      layout_rooms, minivault_12
D:10:     layout_basic, kennysheep_boxes, uniq_josephine, uniq_maggie,
          uniq_amaemon
D:11:     layout_cave_pods, enter_trove_6
D:12:     layout_layer_cave, david_orc_3, gammafunk_ghost_nasty_kobolds
D:13:     layout_loops_ring, david_vaults_5, gammafunk_ghost_spectres,
          hangedman_abyss_or_decor_passed, hangedman_abyss_or_decor_clamps,
          minmay_bent
D:14:     layout_long_grid, minmay_misc_feat_enclosed, serial_shops,
          nicolae_shop_stone, nicolae_qazlal_eye_of_the_storm
D:15:     gammafunk_depths_entry_grave, layout_long_grid, minmay_misc_feat_doors
Temple:   grunt_wide_crystal_templ
Lair:1:   gammafunk_lair_enchanted_lake, layout_misc_corridors,
          nicolae_quartered_pool_super
Lair:2:   layout_cave_pods, swamp_mist_pool, nicolae_snake_entry_squirm,
          infiniplex_staircase_pool_2
Lair:3:   layout_layer_cave, serial_forest, infiniplex_forest_clump_medium,
          infiniplex_forest_corner_1, infiniplex_forest_clump_medium,
          infiniplex_forest_lined_3, infiniplex_forest_clump_curved
Lair:4:   layout_cave_shapes, dpeg_slime_entry_corner, serial_bayou_shore_a
Lair:5:   minmay_lair_end_enchanted_forest, layout_gridlike
Swamp:1:  nicolae_swamp_wrong_neighborhood, layout_basic_swamp,
          nicolae_swamp_round_clearing, kb_tengu_band, infiniplex_staircase_pool
Swamp:2:  layout_basic_swamp, evilmike_swamp_ruin_house_4
Swamp:3:  layout_falls_marsh, hangedman_swamp_cone, uniq_aizul
Swamp:4:  swamp_icy, layout_basic_swamp
Snake:1:  layout_rooms, serial_curves, eino_curves_03, eino_curves_03,
          st_stairs_1
Snake:2:  layout_concentric_octagons, special_room
Snake:3:  layout_chambers, chequers_hall_statues_wall_a, grunt_megastairs_4,
          lemuel_fruit_tree, serial_bayou_shore_b, uniq_kirke
Snake:4:  snake_pit, layout_misc_corridors, st_stairs_4, drop_trap,
          grunt_ministairs_3, grunt_megastairs_5, minmay_shop_grove
Orc:1:    layout_caves, nicolae_shop_vocational
Orc:2:    st_orc_congregation, layout_caves, basic_altar
Depths:1: layout_gridlike, nicolae_two_hexagons, pf_hell_entry_tar_river,
          serial_bayou, serial_bayou_crossing, serial_bayou_pond_a,
          serial_bayou_ford_a, serial_bayou_pond_c, minivault_16,
          amcnicky_mini_pool_small, cheibrodos_ashenzari_chains

Skill      XL: |  1  2  3  4  5  6  7  8  9 10 11 12 13 14 15 16 17 18 19 |
---------------+----------------------------------------------------------+-----
Stealth        | 3 4 |  4.0
Poison Magic   | 4 5 6 8 |  8.0
Dodging        | 3 4 5 6 7 9 10 11 12 13 14 | 14.0
Spellcasting   | 3 4 5 6 7 8 9 10 11 12 | 12.8
Fighting       | 2 4 6 7 8 9 11 12 13 15 16 | 16.0
Unarmed Combat | 2 4 6 7 8 9 10 11 12 13 | 13.2
Transmutations | 3 4 6 7 8 9 10 11 12 13 | 13.2
Invocations    | 4 6 7 9 10 11 | 11.9
Conjurations   | 1 4 |  4.0
Evocations     | 2 5 6 8 |  8.3
Earth Magic    | 1 2 |  2.1
Translocations | 1 |  1.3

Action                     |  1- 3 |  4- 6 |  7- 9 | 10-12 | 13-15 | 16-18 | 19-21 || total
---------------------------+-------+-------+-------+-------+-------+-------+-------++-------
  Melee: Unarmed           |    44 |    87 |    40 |    10 |   350 |   607 |       ||  1138
         Constrict         |    13 |    25 |    13 |    27 |    40 |     8 |       ||   126
         Tentacles         |    11 |    34 |    14 |    53 |    61 |    22 |       ||   195
         Punch             |       |     1 |     1 |    14 |    20 |     5 |       ||    41
         Dagger            |       |       |     4 |   178 |   173 |    64 |     3 ||   422
   Cast: Sting             |    28 |    34 |    14 |     4 |    12 |       |       ||    92
         Poisonous Vapours |       |     4 |       |       |       |       |       ||     4
         Olgreb's Toxic Ra |       |    11 |    25 |    65 |    99 |    39 |     1 ||   240
         Ignite Poison     |       |       |    28 |   103 |   120 |   139 |     2 ||   392
         Mephitic Cloud    |       |       |    11 |    39 |     5 |     5 |       ||    60
         Ice Form          |       |       |       |     2 |    27 |    60 |       ||    89
         Irradiate         |       |       |       |       |    17 |    27 |     2 ||    46
         Eringya's Noxious |       |       |       |       |     4 |    79 |     2 ||    85
         Statue Form       |       |       |       |       |       |     2 |     1 ||     3
         Momentum Strike   |       |       |       |       |       |     2 |       ||     2
 Invoke: Elemental Force   |       |       |       |     1 |     2 |     3 |       ||     6
         Disaster Area     |       |       |       |       |     1 |     4 |       ||     5
  Evoke: Wand              |       |       |       |       |       |     1 |       ||     1
    Use: Scroll            |       |     4 |    10 |     6 |    11 |     2 |       ||    33
         Potion            |       |       |       |       |     2 |       |       ||     2
   Stab: Sleeping          |     4 |     7 |       |       |       |       |       ||    11
         Confused          |       |       |       |     1 |       |     3 |       ||     4
         Distracted        |       |       |       |       |       |     1 |       ||     1
         Paralysed         |       |       |       |       |       |     1 |       ||     1
 Armour: Skin              |     8 |    20 |    13 |    30 |   144 |   284 |    23 ||   522
  Dodge: Dodged            |    31 |    49 |    49 |   223 |   410 |   609 |    45 ||  1416
         Repelled          |       |       |       |     1 |     8 |    54 |       ||    63
  Block: Other             |       |       |       |    67 |   187 |   325 |     8 ||   587

Table legend: (Time is in decaauts)
 A = Elapsed time spent in this place.
 B = Non-inter-level travel time spent in this place.
 C = Inter-level travel time spent in this place.
 D = Time resting spent in this place.
 E = Time spent auto-exploring this place.
 F = Levels seen in this place.
 G = Mean time per level.
                   A        B        C        D        E       F      G
               +--------+--------+--------+--------+--------+-----+--------+
         Total |  27742 |  25538 |   2204 |      0 |  18870 |  33 |  840.7 |
       Dungeon |  14282 |  12852 |   1430 |      0 |  10146 |  15 |  952.1 |
        Temple |     12 |      7 |      5 |      0 |      0 |   1 |   12.0 |
          Lair |   4673 |   4376 |    297 |      0 |   3308 |   5 |  934.6 |
         Swamp |   2696 |   2494 |    202 |      0 |   1786 |   4 |  674.0 |
     Snake Pit |   4232 |   4036 |    196 |      0 |   2695 |   4 | 1058.0 |
  Orcish Mines |   1165 |   1092 |     73 |      0 |    654 |   2 |  582.5 |
        Depths |    198 |    198 |      0 |      0 |     60 |   1 |  198.0 |
         Abyss |    482 |    482 |      0 |      0 |    220 |   1 |  482.0 |
               +--------+--------+--------+--------+--------+-----+--------+

Top non-repeatable levels by time:
     D:7: 1617 daAuts
 Snake:3: 1312 daAuts
    D:12: 1277 daAuts
 Snake:4: 1252 daAuts
    D:11: 1168 daAuts
    D:10: 1120 daAuts
  Lair:5: 1110 daAuts
    D:14: 1096 daAuts
     D:3: 1094 daAuts
     D:2: 1073 daAuts
     D:8: 966 daAuts
 Snake:2: 963 daAuts
  Lair:2: 958 daAuts
  Lair:3: 941 daAuts
     D:1: 911 daAuts
